 Dungeon Crawl Stone Soup version 0.25-b1-46-gb8a1ec05df (webtiles) character file.

Game seed: 83716239976110354

49 Chiseanne the Skirmisher (level 3, -5/29 HPs)
             Began as a Demonspawn Wanderer on June 11, 2020.
             Slain by Sigmund the porcupine (12 damage)
             ... on level 2 of the Dungeon.
             The game lasted 00:02:42 (1643 turns).

Chiseanne the Skirmisher (Demonspawn Wanderer)      Turns: 1643, Time: 00:02:43

Health: -5/29      AC:  6    Str: 11    XL:     3   Next: 51%
Magic:  3/3        EV:  6    Int: 13    God:
Gold:   67         SH: 14    Dex: 14    Spells: 2/2 levels left

rFire    + . .     SeeInvis .   a - +1 short sword
rCold    + . .     Gourm    .   h - +0 tower shield
rNeg     . . .     Faith    .   s - +0 ring mail
rPois    +         Spirit   .   p - +0 helmet
rElec    +         Reflect  .   (no cloak)
rCorr    +         Harm     .   (no gloves)
MR       .....                  (no boots)
Stlth    +.........             (no amulet)
HPRegen  0.09/turn              (no ring)
MPRegen  0.08/turn              (no ring)

@: resistant, stab, hasted, very quick
A: large bone plates 1
a: no special abilities


You were on level 2 of the Dungeon.
You were hungry.

You visited 1 branch of the dungeon, and saw 2 of its levels.

You collected 67 gold pieces.

Inventory:

Hand Weapons
 a - a +1 short sword (weapon)
Missiles
 e - 43 arrows
 i - 50 stones (quivered)
 l - 3 curare-tipped darts
 o - 23 bolts
Armour
 h - a +0 tower shield (worn)
 p - a +0 helmet (worn)
 s - a +0 ring mail (worn)
Wands
 n - a wand of polymorph (6)
Scrolls
 b - a scroll of fear
 j - 3 scrolls of teleportation
 k - a scroll of identify {unknown}
Potions
 d - a potion of lignification
 m - a potion of resistance
Comestibles
 f - 3 rations
 g - 4 chunks of flesh


   Skills:
 * Level 3.5 Fighting
   Level 1.0 Crossbows
 - Level 1.0 Throwing
 * Level 1.4 Armour
 * Level 2.4 Dodging
 - Level 1.0 Stealth
 * Level 1.1 Shields
 - Level 1.0 Evocations


You had 2 spell levels left.
You didn't know any spells.
Your spell library was empty.

Dungeon Overview and Level Annotations

Branches:
Dungeon (2/15)

Altars:

Annotations:
D:2 Sigmund


Innate Abilities, Weirdness & Mutations

You are partially covered in large bone plates. (SH +4)


Message History

Aiming: Polymorph
Press: ? - help, Shift-Dir - straight line, f/p - Sigmund
Aim: Sigmund, wielding a +0 scythe and wearing a +0 robe (moderately wounded, chance to defeat MR: 57%) Sigmund resists with significant effort.
Evoke which item? (* to show all) (? for menu, Esc to quit)
Aiming: Polymorph
Press: ? - help, Shift-Dir - straight line, f/p - Sigmund
Aim: Sigmund, wielding a +0 scythe and wearing a +0 robe (moderately wounded, chance to defeat MR: 57%) Sigmund resists with significant effort.
Evoke which item? (* to show all) (? for menu, Esc to quit)
Aiming: Polymorph
Press: ? - help, Shift-Dir - straight line, f/p - Sigmund
Aim: Sigmund, wielding a +0 scythe and wearing a +0 robe (moderately wounded, chance to defeat MR: 57%) Sigmund evaporates and reforms as a porcupine!
Sigmund bites you!
* * * LOW HITPOINT WARNING * * *
You hit Sigmund.
Sigmund is moderately wounded.
Sigmund bites you!
You die...

####### #.....#
#.###.# #.# #.# #.#
#.# #@###.####
########r#......#
.........#......#
#...#
##########......#
#...#
..............#
#...#
########....).#
#...# #......#
#...#
#.#'######...###
##.#.#.#####......[


You could see Sigmund the porcupine.

Vanquished Creatures
  2 oozes
  2 dart slugs (D:1)
  A leopard gecko (D:1)
  2 giant cockroaches (D:1)
  7 hobgoblins
  A ball python (D:1)
  5 bats (D:1)
  6 frilled lizards (D:1)
  2 goblins (D:1)
  7 kobolds
  3 rats
38 creatures vanquished.

Notes
Turn   | Place    | Note
-------+----------+-------------------------------------------
     0 | D:1      | Chiseanne the Demonspawn Wanderer began the quest for the
                  | Orb.
     0 | D:1      | Chiseanne set off with the following items: a +2 dagger, a
                  | scroll of fear, a +0 short sword, a potion of
                  | lignification, a +0 robe, a ration
     0 | D:1      | Reached XP level 1. HP: 18/18 MP: 1/1
   180 | D:1      | Gained mutation: You are partially covered in large bone
                  | plates. (SH +4) [demonic ancestry]
   180 | D:1      | Reached XP level 2. HP: 13/24 MP: 2/2
   955 | D:1      | Reached XP level 3. HP: 29/29 MP: 3/3
  1101 | D:1      | Reached skill level 1 in Shields
  1609 | D:2      | Noticed Sigmund
  1641 | D:2      | Noticed Sigmund
  1641 | D:2      | Sigmund changed into Sigmund the porcupine
  1643 | D:2      | Slain by Sigmund the porcupine

Illustrated notes

Levels and vault maps discovered:
D:1:      dpeg_arrival_solitude, layout_loops_corners, minmay_heptomino_h4
D:2:      cheibrodos_greedy_goblins, layout_basic,
          chequers_ecumenical_altar_island, uniq_sigmund

Skill      XL: |  1  2  3 |
---------------+----------+-----
Dodging        | 2 |  2.4
Shields        | 1 |  1.1
Fighting       | |  3.5
Crossbows      | |  1.0
Throwing       | |  1.0
Armour         | |  1.4
Stealth        | |  1.0
Evocations     | |  1.0

Action                   || total
-------------------------++-------
Melee: Dagger            ||   137
       Short sword       ||    21
Evoke: Wand              ||     4
  Use: Potion            ||     4
       Scroll            ||     3
 Stab: Sleeping          ||     2
  Eat: Chunk             ||     2
Armor: Robe              ||    16
       Leather armour    ||    28
       Ring mail         ||     1
Dodge: Dodged            ||    46
Block: Tower shield      ||   104
